 Dungeon Crawl Stone Soup version 0.26.1-2-gb8aa6d0cf2 (webtiles) character file.

Game seed: 8357705066682530500

37710 kingbonesx the Slicer (level 13, -23/135 HPs)
             Began as a Troll Monk on Feb 15, 2021.
             Was a High Priest of Dithmenos.
             Annihilated by an orc warrior
             ... wielding a +0 glaive
             ... led by an orc warlord
              (39 damage)
             ... on level 2 of the Orcish Mines on Feb 16, 2021.
             The game lasted 01:55:02 (16930 turns).

kingbonesx the Slicer (Troll Monk)                 Turns: 16930, Time: 01:55:02

Health: -23/135    AC: 14    Str: 22    XL:     13   Next: 59%
Magic:  12/12      EV: 19    Int:  4    God:    Dithmenos [*****.]
Gold:   1166       SH:  5    Dex: 22    Spells: 12/12 levels left

rFire    . . .     SeeInvis .   k - +4 great sword (freeze)
rCold    + . .     Faith    .   (shield currently unavailable)
rNeg     + . .     Spirit   .   t - +2 robe {rN+}
rPois    +         Reflect  +   N - +2 hat
rElec    .         Harm     .   P - +1 cloak {rPois}
rCorr    .         Rampage  .   (gloves unavailable)
Will     .....                  (boots unavailable)
Stlth    ++++++++..             o - amulet of reflection
HPRegen  0.72/turn              H - ring of Goixzufe {rC+ Dex+6 Slay+3}
MPRegen  0.13/turn              S - ring of stealth

@: wreathed by umbra, studying Short Blades
A: large, unfitting armour, claws 3, talons 1, slimy green scales 1, dopey 1,
sense surroundings 1, regeneration 1, shaggy fur 1, tough skin 3
a: Renounce Religion, Shadow Step, Shadow Form


You were on level 2 of the Orcish Mines.
You worshipped Dithmenos.
Dithmenos was extremely pleased with you.
You visited 4 branches of the dungeon, and saw 20 of its levels.
You also visited: Gauntlet.

You collected 2464 gold pieces.
You spent 1298 gold pieces at shops.

Inventory:

Hand Weapons
 b - a +5 dagger of venom
 k - a +4 great sword of freezing (weapon)
Missiles
 i - an atropa-tipped dart
 m - 30 poisoned darts
 B - 2 datura-tipped darts
 C - 24 curare-tipped darts
 K - 5 large rocks (quivered)
Armour
 t - a +2 robe of positive energy (worn)
 v - +1 acid dragon scales
 G - a +1 cloak
 N - a +2 hat (worn)
 P - a +1 cloak of poison resistance (worn)
Jewellery
 a - an uncursed ring of see invisible
 c - an uncursed ring of positive energy
 h - an uncursed ring of protection from fire
 o - an amulet of reflection (around neck)
 q - an uncursed ring of ice
 s - an uncursed ring of flight
 y - an uncursed ring of fire
 H - the ring of Goixzufe (left claw) {rC+ Dex+6 Slay+3}
   (You found it on level 7 of the Dungeon)

   [ring of dexterity]

   It affects your dexterity (+6).
   It affects your accuracy and damage with ranged weapons and melee attacks
   (+3).
   It protects you from cold.
 S - a ring of stealth (right claw)
 T - an uncursed ring of willpower
Wands
 x - a wand of random effects (26)
 A - a wand of enslavement (1)
 D - a wand of paralysis (12)
 Q - a wand of flame (14)
 R - a wand of polymorph (11)
Scrolls
 e - 7 scrolls of remove curse
 j - 10 scrolls of teleportation
 l - 3 scrolls of blinking
 n - 3 scrolls of fear
 p - 2 scrolls of fog
 w - a scroll of summoning
 E - 4 scrolls of immolation
 I - 4 scrolls of identify
 L - a scroll of torment
 M - 4 scrolls of enchant weapon
 W - a scroll of amnesia
Potions
 f - 5 potions of ambrosia
 g - a potion of flight
 u - 3 potions of attraction
 z - 8 potions of curing
 F - a potion of mutation
 J - 3 potions of lignification
 O - 2 potions of magic
 U - a potion of haste {unknown}
 V - a potion of heal wounds
Books
 d - a manual of Short Blades
Miscellaneous
 r - a phantom mirror (inert)


   Skills:
 + Level 10.4 Fighting
 + Level 12.7 Short Blades
 + Level 10.4 Dodging
 + Level 7.8 Stealth


You had 12 spell levels left.
You didn't know any spells.
Your spell library contained the following spells:

 Spells                   Type           Power        Failure   Level
 Beastly Appendage        Tmut           0%           50%         1
 Magic Dart               Conj           0%           50%         1
 Searing Ray              Conj           0%           65%         2
 Wereblood                Tmut           0%           65%         2
 Dazzling Flash           Conj/Hex       0%           86%         3
 Spider Form              Tmut/Pois      0%           86%         3
 Animate Dead             Necr           0%           99%         4
 Fulminant Prism          Conj/Hex       0%           99%         4
 Ice Form                 Ice/Tmut       0%           99%         4
 Iskenderun's Mystic Bla  Conj/Tloc      0%           99%         4
 Blade Hands              Tmut           0%           100%        5
 Borgnjor's Vile Clutch   Necr/Erth      0%           100%        5
 Death Channel            Necr           0%           100%        6
 Simulacrum               Ice/Necr       0%           100%        6


Dungeon Overview and Level Annotations

Branches:
Dungeon (14/15)            Temple (1/1) D:4            Lair (3/6) D:8
    Orc (2/2) D:10            Elf (0/3) Orc:2        Vaults (0/5) D:14
Gauntlet (visited)
  Swamp: Lair:2-4    Shoals: Lair:2-4     Snake: Lair:2-4    Spider: Lair:2-4

Altars:
Ashenzari
Cheibriados
Dithmenos
Elyvilon
Fedhas
Gozag
Hepliaklqana
Kikubaaqudgha
Makhleb
Nemelex Xobeh
Okawaru
Qazlal
Ru
Sif Muna
Trog
Uskayaw
Vehumet
Wu Jian
Xom
Yredelemnul
Zin
The Shining One
Beogh

Shops:
D:8 ?   D:9 !   D:11 (}*   D:13 *   D:14 :   Orc:2 (

Annotations:
D:11 exclusion: obsidian statue
Lair:1 Gastronok


Innate Abilities, Weirdness & Mutations

You are too large for most types of armour.
You have claws for hands.
Your natural rate of healing is unusually fast.
You are covered in fur. (AC +1)
You have extremely tough skin. (AC +3)
You have sharp toenails.
You are partially covered in slimy green scales. (AC +2)
You are dopey. (Int -2)
You passively map a small area around you.


Message History

Your orc warlord shimmers and vanishes!
The orc sorcerer hits your orc priest with a +0 dagger.
The orc warlord hits your orc priest with a +1 great mace!!
Your orc priest dies!
Your orc priest's corpse dissolves into shadows!
You block the orc warrior's attack.
The orc sorcerer gestures wildly while chanting.
Send 'em back where they came from!
Your orc warrior shudders.
Your orc priest shudders.
Your orc wizard shudders.
Your orc priest shudders.
Your orc sorcerer shudders.
Your troll shudders.
Your orc shudders.
Your orc dissolves into shadows! x2
Your orc wizard dissolves into shadows!
The orc priest closely misses your troll.
Your troll bites the orc priest!!
The orc priest dies!
Dithmenos accepts your kill.
Your orc sorcerer barely misses the orc warrior.
Your orc priest dissolves into shadows! x2; Your orc dissolves into shadows!
The orc warrior hits you from afar with a +0 glaive!!!
You die...

............>.............#....#
..............................##
..#.##.#........)....#......###
...######.................###
...# ####......8.8........##
...###.#...............#...#
..###........##'''##...##.##
.###.......###.).).###..### ##
##.....## #8)@.8# ##.# #.....#
##o..## #.# * #.....# ,,#ooo#
#.# ##..#.# ,


+ooo+,, #.# * ####.# #T.o#,, #.# * #.# #)8o# #.# * #.# ,#o4o#, #.# , #.# , oooo+
,#.# #* #.# , #o).# #.# You could see an orc warlord (strong), an orc knight
(strong), a hellwing (summoned), 2 orc sorcerers, 3 orc warriors, 5 orcs, a
friendly troll (summoned), a friendly orc sorcerer (summoned), a friendly orc
warrior (summoned) and a friendly orc wizard (summoned).

Vanquished Creatures
  Nessos (D:13)
  Erolcha (D:9)
  2 vault guards (D:14)
  3 hydras
  A catoblepas (D:13)
  2 ogre magi
  A centaur warrior (D:14)
  A death knight (D:14)
  6 two-headed ogres
  The ghost of axecop the Distorting Demonspawn, a novice DsAK of Lugonu (D:8)
  Urug (D:11)
  Sonja (D:11)
  Nergalle (Lair:1)
  Pikel (D:5)
  A wizard (D:14)
  A necromancer (D:14)
  The ghost of ew1980 the Nimble, a novice SpCj of the Shining One (D:7)
  2 ugly things
  A deep elf mage (D:13)
  2 cyclopes
  Maurice (D:9)
  Psyche (D:9)
  Maggie (D:6)
  A komodo dragon (D:12)
  A redback zombie (D:13)
  2 freezing wraiths (D:14)
  A yaktaur (D:14)
  11 trolls
  2 hornets
  Sigmund (D:3)
  3 shadows
  2 wyverns
  3 yaks (D:10)
  2 wraiths (D:14)
  14 humans (D:14)
  2 wargs (D:10)
  A soldier ant (D:14)
  An acid dragon (D:13)
  7 water moccasins
  16 orc warriors
  An eye of draining (D:14)
  3 sky beasts
  2 phantoms
  A black bear (D:10)
  3 ice beasts
  15 ogres
  10 centaurs
  3 big kobolds
  4 bullfrogs
  A water moccasin zombie (D:10)
  A wyvern skeleton (D:11)
  5 scorpions
  6 killer bees (D:11)
  14 wights
  4 howler monkeys
  6 quasits
  2 bullfrog zombies
  2 centaur zombies
  4 jellies
  4 centaur skeletons
  12 orc priests
  6 hounds
  2 bullfrog skeletons (D:7)
  14 orc wizards
  8 iguanas
  11 worker ants
  2 killer bee zombies
  2 worker ant zombies
  13 gnolls
  A howler monkey skeleton (D:5)
  9 adders
  2 shadow imps
  2 white imps
  3 ufetubi
  2 oozes
  An adder zombie (D:6)
  An adder skeleton (D:6)
  3 worms
  3 dart slugs
  A leopard gecko (D:5)
  64 orcs
  11 giant cockroaches
  10 goblins
  7 hobgoblins
  12 jackals
  5 quokkas
  A ball python (D:2)
  10 bats
  3 frilled lizards
  A jackal skeleton (D:4)
  20 kobolds
  A quokka zombie (D:9)
  8 rats
446 creatures vanquished.

Vanquished Creatures (collateral kills)
  5 humans (D:14)
  An orc warrior (Orc:2)
  A black bear (D:11)
  An orc priest (Orc:2)
  An orc (Orc:2)
9 creatures vanquished.

Vanquished Creatures (others)
  2 wights (D:13)
  A demonic plant (Gauntlet)
  6 fungi
  11 plants
20 creatures vanquished.

Grand Total: 475 creatures vanquished

Notes
Turn   | Place    | Note
-------+----------+-------------------------------------------
     0 | D:1      | kingbonesx the Troll Monk began the quest for the Orb.
     0 | D:1      | Reached XP level 1. HP: 22/22 MP: 0/0
   185 | D:1      | Reached XP level 2. HP: 29/29 MP: 1/1
   817 | D:2      | Reached XP level 3. HP: 18/36 MP: 2/2
  1237 | D:2      | Reached XP level 4. HP: 12/44 MP: 3/3
  1689 | D:2      | Found a shimmering blue altar of Sif Muna.
  1842 | D:3      | Reached skill level 3 in Short Blades
  2347 | D:3      | Reached XP level 5. HP: 53/53 MP: 4/4
  2503 | D:3      | Noticed Sigmund
  2946 | D:3      | Killed Sigmund
  2947 | D:3      | Reached XP level 6. HP: 60/61 MP: 5/5
  3446 | D:4      | Found a staircase to the Ecumenical Temple.
  3460 | Temple   | Entered the Ecumenical Temple
  3951 | D:4      | Found a snail-covered altar of Cheibriados.
  3994 | D:4      | Gained mutation: You are strong-willed. (Will+) [potion of
                  | mutation]
  3994 | D:4      | Gained mutation: You passively map a small area around you.
                  | [potion of mutation]
  3994 | D:4      | Gained mutation: Your flesh is heat resistant. (rF+)
                  | [potion of mutation]
  4013 | D:5      | Entered Level 5 of the Dungeon
  4189 | D:5      | Reached XP level 7. HP: 53/68 MP: 6/6
  4366 | D:5      | Reached skill level 4 in Short Blades
  4468 | D:5      | Found a shimmering altar of Xom.
  4772 | D:6      | Noticed Pikel
  4772 | D:6      | Noticed a gargoyle
  4798 | D:5      | Killed Pikel
  4799 | D:5      | Reached XP level 8. HP: 29/79 MP: 7/7
  5113 | D:6      | Reached skill level 5 in Fighting
  5113 | D:6      | Reached skill level 5 in Short Blades
  5113 | D:6      | Reached skill level 5 in Dodging
  5232 | D:6      | Noticed Maggie
  5263 | D:6      | Killed Maggie
  5361 | D:6      | Reached XP level 9. HP: 83/88 MP: 8/8
  5593 | D:6      | Found a radiant altar of Vehumet.
  5902 | D:7      | Lost mutation: Your flesh is heat resistant. (rF+) [potion
                  | of mutation]
  5902 | D:7      | Gained mutation: You are partially covered in slimy green
                  | scales. (AC +2) [potion of mutation]
  5902 | D:7      | Gained mutation: Armour fits poorly on your strangely
                  | shaped body. [potion of mutation]
  5902 | D:7      | Gained mutation: You are frail. (-10% HP) [potion of
                  | mutation]
  5902 | D:7      | Gained mutation: Your system is resistant to poisons.
                  | (rPois) [potion of mutation]
  6112 | D:7      | Found a transporter.
  6120 | D:7      | Found a transporter.
  6123 | D:7      | Noticed ew1980's ghost (novice SpCj)
  6171 | D:7      | Found an opulent altar of Gozag.
  6414 | D:7      | You fall into a shaft and drop 3 floors!
  6414 | D:10     | Entered Level 10 of the Dungeon
  6602 | D:8      | Found a transporter.
  6605 | D:8      | Found a transporter.
  6605 | D:8      | Noticed axecop's ghost (novice DsAK)
  6635 | D:8      | Found Kiuhinem's Magic Scroll Boutique.
  6646 | D:8      | Bought 3 scrolls of identify for 78 gold pieces
  6646 | D:8      | Bought a scroll of enchant weapon for 97 gold pieces
  6646 | D:8      | Bought a scroll of enchant weapon for 97 gold pieces
  6646 | D:8      | Bought a scroll of holy word for 97 gold pieces
  6716 | D:7      | Reached skill level 6 in Short Blades
  6991 | D:7      | Killed ew1980's ghost
  7059 | D:7      | Got the ring of Goixzufe {Dex+6}
  7200 | D:8      | Found a staircase to the Lair.
  7265 | Lair:1   | Entered Level 1 of the Lair of Beasts
  7288 | Lair:1   | Found a gate leading to a gauntlet.
  7308 | Lair:1   | Noticed Nergalle
  7344 | Lair:1   | Killed Nergalle
  7345 | Lair:1   | Reached XP level 10. HP: 50/90 MP: 9/9
  7388 | Gauntlet | Entered a Gauntlet
  7388 | Gauntlet | Found a transporter.
  7388 | Gauntlet | Found a transporter.
  7389 | Gauntlet | Noticed a smoke demon
  7418 | Gauntlet | Found a transporter.
  7420 | Gauntlet | Found a transporter.
  7421 | Gauntlet | Noticed a wizard
  7429 | Gauntlet | Found a transporter.
  7429 | Gauntlet | Found a transporter.
  7437 | Gauntlet | Found a transporter.
  7443 | Gauntlet | Noticed a hell beast
  7455 | Gauntlet | Found a transporter.
  7460 | Gauntlet | Found a transporter.
  7463 | Gauntlet | Found a transporter.
  7463 | Gauntlet | Noticed a catoblepas
  7471 | Gauntlet | Noticed a gargoyle
  7473 | Gauntlet | Found a transporter.
  7522 | Gauntlet | Found a transporter.
  7680 | Lair:1   | Identified the ring of Goixzufe {rC+ Dex+6 Slay+3} (You
                  | found it on level 7 of the Dungeon)
  7754 | Lair:1   | Noticed a cane toad
  7795 | Lair:1   | Noticed Gastronok
  7951 | Lair:2   | Identified a scroll of acquirement
  7973 | Lair:2   | Noticed an eight-headed hydra
  8006 | Lair:3   | Noticed an elephant
  8008 | Lair:3   | Noticed an elephant
  8008 | Lair:3   | Noticed an elephant
  8009 | Lair:3   | Noticed an elephant
  8259 | D:8      | Acquired a manual of Short Blades
  8308 | D:8      | Found a shadowy altar of Dithmenos.
  8311 | D:8      | Became a worshipper of Dithmenos the Shadowed
  8311 | D:8      | Reached * piety under Dithmenos
  8311 | D:8      | Reached ** piety under Dithmenos
  8501 | D:8      | Lost mutation: Armour fits poorly on your strangely shaped
                  | body. [potion of mutation]
  8501 | D:8      | Lost mutation: You are partially covered in slimy green
                  | scales. (AC +2) [potion of mutation]
  8501 | D:8      | Lost mutation: You are strong-willed. (Will+) [potion of
                  | mutation]
  8501 | D:8      | Gained mutation: You are partially covered in slimy green
                  | scales. (AC +2) [potion of mutation]
  8501 | D:8      | Gained mutation: You evolve. [potion of mutation]
  8501 | D:8      | Gained mutation: You possess an exceptional clarity of
                  | mind. [potion of mutation]
  8501 | D:8      | Gained mutation: Your mind is acute. (Int +2) [potion of
                  | mutation]
  8502 | D:8      | Lost mutation: You are frail. (-10% HP) [potion of
                  | mutation]
  8502 | D:8      | Lost mutation: Your mind is acute. (Int +2) [potion of
                  | mutation]
  8502 | D:8      | Lost mutation: Your system is resistant to poisons. (rPois)
                  | [potion of mutation]
  8502 | D:8      | Lost mutation: You evolve. [potion of mutation]
  8502 | D:8      | Gained mutation: You are dopey. (Int -2) [potion of
                  | mutation]
  8502 | D:8      | Lost mutation: You possess an exceptional clarity of mind.
                  | [potion of mutation]
  8502 | D:8      | Gained mutation: You have sharp toenails. [potion of
                  | mutation]
  8523 | D:8      | Killed axecop's ghost
  8524 | D:8      | Reached skill level 7 in Short Blades
  8524 | D:8      | Reached skill level 5 in Stealth
  8719 | D:9      | Noticed Maurice
  8727 | D:9      | Killed Maurice
  8826 | D:9      | Noticed Psyche
  8831 | D:9      | Killed Psyche
  9226 | D:9      | Noticed Erolcha
  9232 | D:9      | Reached skill level 8 in Short Blades
  9280 | D:9      | Killed Erolcha
  9343 | D:9      | Found Bepeymneu's Distillery.
  9347 | D:9      | Bought 2 potions of curing for 90 gold pieces
  9347 | D:9      | Bought a potion of invisibility for 120 gold pieces
  9347 | D:9      | Bought a potion of curing for 45 gold pieces
  9347 | D:9      | Bought 2 potions of lignification for 90 gold pieces
  9347 | D:9      | Bought a potion of curing for 45 gold pieces
  9347 | D:9      | Bought a potion of curing for 45 gold pieces
  9529 | D:9      | Found a hide-covered altar of Uskayaw.
  9536 | D:9      | Found an ornate altar of the Wu Jian Council.
  9536 | D:9      | Found a glowing golden altar of the Shining One.
  9542 | D:9      | Found a white marble altar of Elyvilon.
  9547 | D:9      | Found a hazy altar of Hepliaklqana.
  9620 | D:10     | Found a staircase to the Orcish Mines.
  9653 | D:10     | Reached XP level 11. HP: 101/109 MP: 10/10
  9902 | D:10     | Reached *** piety under Dithmenos
 11038 | D:11     | Reached skill level 9 in Short Blades
 11146 | D:11     | Found Matweb's Assorted Antiques.
 11263 | D:11     | Noticed Urug
 11271 | D:11     | Found Lecacatu's Gadget Emporium.
 11289 | D:11     | Killed Urug
 11297 | D:11     | Found Bushri's Antique Weapon Shoppe.
 11320 | D:11     | Noticed Sonja
 11327 | D:11     | Killed Sonja
 11367 | D:11     | You fall into a shaft and drop 2 floors!
 11488 | D:13     | Noticed Nessos
 11521 | D:13     | Noticed a red ugly thing
 11535 | D:13     | Killed a red ugly thing
 11564 | D:13     | Killed Nessos
 11565 | D:13     | Reached skill level 10 in Short Blades
 11875 | D:13     | Found Woek Iqovie's Assorted Antiques.
 11880 | D:13     | Bought a scroll of identify for 52 gold pieces
 11880 | D:13     | Bought a twisted bone wand for 104 gold pieces
 11880 | D:13     | Bought a knobbly glass ring for 130 gold pieces
 11880 | D:13     | Bought a golden ring for 130 gold pieces
 11880 | D:13     | Bought a potion of lignification for 78 gold pieces
 11911 | D:13     | Noticed a deep elf mage
 11917 | D:13     | Killed a deep elf mage
 12021 | D:13     | Noticed a catoblepas
 12042 | D:13     | Killed a catoblepas
 12043 | D:13     | Reached XP level 12. HP: 116/122 MP: 11/11
 12711 | D:12     | Noticed a six-headed hydra
 12769 | D:13     | Killed a ten-headed hydra
 13058 | D:12     | Noticed a two-headed ogre
 13088 | D:12     | Killed a two-headed ogre
 13556 | D:11     | Got a smoking long sword
 14027 | D:11     | Reached skill level 11 in Short Blades
 14315 | D:11     | Noticed an eight-headed hydra
 14350 | D:11     | Killed an eight-headed hydra
 14587 | D:11     | Identified the cursed +1 long sword of Kemosog {flame,
                  | Dex+2} (You found it on level 11 of the Dungeon)
 14737 | D:14     | Noticed a centaur warrior
 14751 | D:14     | Noticed a two-headed ogre
 14756 | D:14     | Killed a centaur warrior
 14761 | D:14     | Killed a two-headed ogre
 14902 | D:14     | Noticed a four-headed hydra
 14937 | D:14     | Killed a four-headed hydra
 14996 | D:14     | Found Qiuxtog's Book Shop.
 15110 | D:14     | Reached **** piety under Dithmenos
 15210 | D:14     | Found a gate to the Vaults.
 15210 | D:14     | Noticed a vault guard
 15210 | D:14     | Noticed a vault guard
 15228 | D:14     | Killed a vault guard
 15229 | D:14     | Reached XP level 13. HP: 107/133 MP: 12/12
 15295 | D:14     | Reached skill level 12 in Short Blades
 15410 | D:14     | Reached skill level 10 in Fighting
 15470 | D:14     | Reached skill level 10 in Dodging
 16072 | Orc:1    | Entered Level 1 of the Orcish Mines
 16388 | Orc:2    | Entered Level 2 of the Orcish Mines
 16462 | Orc:2    | Found a roughly hewn altar of Beogh.
 16473 | Orc:2    | Reached ***** piety under Dithmenos
 16664 | Orc:2    | Found Piupn's Weapon Emporium.
 16705 | Orc:2    | Found a roughly hewn altar of Beogh.
 16737 | Orc:2    | Found a staircase to the Elven Halls.
 16921 | Orc:2    | Noticed an orc warlord
 16930 | Orc:2    | Annihilated by an orc warrior

Illustrated notes

Levels and vault maps discovered:
D:1:      minmay_arrival_stone_box, layout_loops_ring,
          chequers_serial_rivers_micro_a
D:2:      layout_basic, led_sif_pool
D:3:      layout_basic, uniq_sigmund
D:4:      layout_loops_ring, kennysheep_slug_shrine,
          minmay_temple_entry_drinking_statues, kennysheep_generic_room_3
D:5:      layout_loops_ring, minivault_14, tgw_xom
D:6:      minmay_polygon_palace, layout_cave_pools, old_standard_altar,
          uniq_maggie, uniq_pikel
D:7:      layout_basic, gammafunk_ghost_stat_death,
          nicolae_gozag_cash_rules_everything_around_me
D:8:      layout_gridville, kennysheep_mini_moat, dpeg_oklobed_lair,
          gammafunk_ghost_arena, serial_shops, shop
D:9:      layout_roguey, minmay_overflow_temple_star_hex, serial_shops, shop,
          kennysheep_dice, uniq_erolcha, uniq_psyche, uniq_maurice
D:10:     layout_layer_cave, david_orc_1_choice
D:11:     layout_roguey, serial_shops, shop, nicolae_shop_window_shopping,
          nicolae_shop_temple_entry_statues_fountains, serial_co_window_serial,
          co_window_corner_a, co_window_paths_a, co_window_paths_a,
          co_window_corner_a, co_window_paths_b, co_window_2corner,
          co_window_cross_3, co_window_corner_ca, co_window_unsneaky_path_b,
          co_window_corner_ca, glass_columns_b, minmay_protected_statue,
          uniq_urug, uniq_sonja
D:12:     layout_rooms, kennysheep_generic_room_11
D:13:     layout_basic, serial_shops, shop, small_chamber_with_monster,
          uniq_nessos
D:14:     layout_roguey, grunt_vaults_entry_tiered, minmay_fountain_box,
          serial_shops, shop
Temple:   nicolae_temple_figure_eight
Lair:1:   layout_chaotic_city, gauntlet_entry_generic, uniq_nergalle,
          uniq_gastronok
Lair:2:   layout_regular_city, minmay_shoals_entry_hut, spider_nest_entry_a,
          nicolae_volcano_entry_hallway, infiniplex_staircase_pool_2
Lair:3:   layout_cave_shapes, ebering_ghost_reflecting_pool,
          serial_bayou_shore_b
Orc:1:    layout_caves, mines4_lemuel
Orc:2:    grunt_orc_community_town_hall, layout_diamond_mine,
          grunt_orc_community_big_house_1, grunt_orc_community_big_house_1,
          grunt_orc_community_house_2, grunt_orc_community_house_1,
          grunt_orc_community_house_3, grunt_orc_community_house_1,
          serial_shops, nicolae_shop_waterfront, mines2_david

Skill      XL: |  1  2  3  4  5  6  7  8  9 10 11 12 13 |
---------------+----------------------------------------+-----
Short Blades   | 3 4 5 6 8 10 11 12 | 12.7
Dodging        | 3 4 5 6 7 8 9 10 | 10.4
Fighting       | 3 4 5 6 7 8 9 10 | 10.4
Stealth        | 2 3 4 5 6 7 |  7.8

Action                   |  1- 3 |  4- 6 |  7- 9 | 10-12 | 13-15 || total
-------------------------+-------+-------+-------+-------+-------++-------
Melee: Short sword       |    24 |       |       |       |       ||    24
       Dagger            |   139 |   163 |   483 |   495 |   104 ||  1384
       Kick              |       |       |       |   287 |   100 ||   387
       Great sword       |       |       |       |   119 |   100 ||   219
       Long sword        |       |       |       |    10 |       ||    10
Throw: Large rock        |       |     4 |     3 |    10 |     5 ||    22
       Dart              |       |     1 |       |     3 |       ||     4
Invok: Shadow Step       |       |       |       |     2 |       ||     2
Evoke: Wand              |       |       |     4 |    26 |     1 ||    31
       Phantom mirror    |       |       |       |     1 |     1 ||     2
  Use: Scroll            |     7 |     5 |     5 |    24 |     1 ||    42
       Potion            |     1 |     2 |     5 |    11 |     1 ||    20
 Stab: Sleeping          |    10 |     2 |     5 |    26 |     3 ||    46
       Invisible         |       |       |     1 |     2 |       ||     3
       Distracted        |       |       |     1 |       |     1 ||     2
       Paralysed         |       |       |       |     1 |       ||     1
       Petrified         |       |       |       |     1 |       ||     1
Armor: Robe              |    90 |    30 |   146 |    52 |    29 ||   347
       Acid dragon scale |       |       |    58 |   141 |       ||   199
       Skin              |       |       |       |    30 |    25 ||    55
Dodge: Dodged            |   118 |    95 |   314 |   518 |   147 ||  1192
Block: Other             |       |     6 |   129 |   169 |    41 ||   345
       Reflection        |       |       |     2 |     8 |     2 ||    12
       Rpst.: Great sword |       |       |       |    36 |    16 ||    52
       Long sword        |       |       |       |     1 |       ||     1
